 Dungeon Crawl Stone Soup version 0.19-a0-1922-g1e9a4c1 (webtiles) character file.

4323 mrath the Basher (level 10, -2/86 HPs)
             Began as a Minotaur Fighter on Oct 25, 2016.
             Was a Follower of Okawaru.
             Slain by Erica
             ... wielding a +4 scimitar of flaming
              (3 damage)
             ... on level 9 of the Dungeon.
             The game lasted 00:42:10 (8481 turns).

mrath the Basher (Minotaur Fighter)                 Turns: 8481, Time: 00:42:10

Health: -2/86      AC: 19    Str: 26    XL:     10   Next: 11%
Magic:  11/12      EV: 11    Int:  5    God:    Okawaru [*.....]
Gold:   344        SH: 22    Dex: 11    Spells: 0 memorised, 9 levels left

rFire  . . .     SeeInvis .     M - +3 flail (crush)
rCold  . . .     Gourm    .     X - +0 plate armour
rNeg   . . .     Faith    .     c - +1 shield
rPois  .         Spirit   .     (helmet restricted)
rElec  .         Reflect  +     u - +0 cloak
rCorr  .         Harm     .     (no gloves)
MR     .....                    e - +0 pair of boots
Stlth  ..........               s - brooch of Shielding {Reflect SH+8}
                                S - +3 ring of strength
                                T - +1 ring of protection

@: heroism, slowed, very slow
A: retaliatory headbutt, horns 2
a: Heroism, Renounce Religion


You were on level 9 of the Dungeon.
You worshipped Okawaru.
Okawaru was aware of your devotion.
You were not hungry.

You visited 2 branches of the dungeon, and saw 10 of its levels.
You also visited: Ossuary and Bailey.

You collected 344 gold pieces.

Inventory:

Hand Weapons
 v - a +0 hunting sling
 C - a +4 spear
 M - a +3 flail of crushing (weapon)
 N - a +2 whip of venom
 Q - a +2 mace of protection
 Y - a +0 broad axe
Missiles
 j - 303 stones
 n - 61 poisoned needles
 B - 2 javelins (quivered)
 W - 69 tomahawks of returning
Armour
 c - a +1 shield (worn)
 e - a +0 pair of boots (worn)
 u - a +0 cloak (worn)
 X - a +0 plate armour (worn)
Jewellery
 s - the brooch of Shielding (around neck) {Reflect SH+8}
   (You found it on level 6 of the Dungeon)

   [amulet of reflection]

   It shields you and reflects attacks.
   It affects your SH (+8).
 S - a +3 ring of strength (right hand)
 T - a +1 ring of protection (left hand)
Wands
 q - a wand of slowing (25/48)
 x - a wand of acid (10/15)
 y - a wand of enslavement (14/24)
 U - a wand of acid (4/15)
Scrolls
 a - a scroll of fog {unknown}
 h - a scroll of enchant armour
 i - 2 scrolls of blinking
 p - 5 scrolls of identify
 t - 5 scrolls of teleportation
 w - 3 scrolls of remove curse
 D - a scroll of immolation
 H - 2 scrolls of enchant weapon
 I - a scroll of random uselessness {unknown}
Potions
 b - a potion of resistance {unknown}
 d - 4 potions of might
 k - 2 potions of agility {unknown}
 l - 5 potions of heal wounds
 m - 3 potions of berserk rage
 o - 2 potions of brilliance {unknown}
 r - 3 potions of magic
 z - 8 potions of curing
 E - 6 potions of lignification
 J - 3 potions of haste
 K - 2 potions of flight
 L - 3 potions of cure mutation
 O - a potion of invisibility {unknown}
Books
 A - a book of Maledictions

   Spells                             Type                      Level
   a - Corona                         Hexes                        1
   b - Ensorcelled Hibernation        Hexes/Ice                    2
   c - Confuse                        Hexes                        3
   d - Tukima's Dance                 Hexes                        3
   e - Dazzling Spray                 Conjuration/Hexes            3
Comestibles
 f - 4 bread rations
 g - 3 beef jerkies
 F - 4 fruits
 P - a royal jelly
 V - a meat ration


   Skills:
 + Level 7.1(12.1) Fighting
 + Level 9.2(14.2) Maces & Flails
 - Level 3.1(8.1) Polearms
 + Level 4.7(9.7) Throwing
 + Level 7.0(12.0) Armour
 + Level 5.7(10.7) Dodging
 + Level 6.8(11.8) Shields
 + Level 4.3 Evocations


You had 9 spell levels left.
You didn't know any spells.

Dungeon Overview and Level Annotations

Branches:
Dungeon (9/15)             Temple (1/1) D:7
   Lair: D:8-11         Orc: D:9-12

Altars:
Ashenzari
Cheibriados
Dithmenos
Fedhas
Gozag
Hepliaklqana
Kikubaaqudgha
Makhleb
Nemelex Xobeh
Okawaru
Qazlal
Ru
Trog
Uskayaw
Xom
Yredelemnul
Zin
The Shining One
Lugonu

Shops:
D:6 }   D:8 }

Annotations:
D:9 Erica


Innate Abilities, Weirdness & Mutations

You reflexively headbutt those who attack you in melee.
You have a pair of horns on your head.


Message History

You feel much better.
Erica mumbles some strange words.
Erica flickers and vanishes!
Deactivating autopickup; reactivate with Ctrl-A.
You block something's attack.
You miss something.
You feel sick.
You sock something!
You hear some strange, mumbled words.
You are confused.
You bump into the translucent rock wall.
Something hits you but does no damage.
You hear some strange, mumbled words.
A bolt of poison appears from out of thin air!
The bolt of poison hits you!
You are more poisoned.
* * * LOW HITPOINT WARNING * * *
You feel better. Something hits you!
* * * LOW HITPOINT WARNING * * *
Something burns you.
You die...

#.#≈#≈≈≈≈≈##
###≈≈≈≈≈≈≈≈##
≈≈≈≈≈≈≈;≈≈≈≈###
#############..+
#..............#
#.#####.#######..
#.#≈≈≈#.#≈≈≈#
#.#≈≈≈#{#≈≈## #.#
#.#≈#≈#@#≈#####.#
#.# ###.### #<#.#
. #.#####.#.#
#.........#####
##.####.#.#...#
...# #.#.#.#.#
###.. #.......#
#..# #.#.#####
#......#.#


You could see an electric eel.

Vanquished Creatures
  An orc knight (Bailey)
  The ghost of brucemayne the Cleaver, a novice HOMo of Makhleb (D:6)
  A wyvern (D:7)
  A hungry ghost (D:8)
  Edmund (D:6)
  2 orc warriors (D:7)
  3 ice beasts
  3 phantoms
  A necrophage (D:7)
  2 ogres
  A centaur (D:6)
  4 bullfrogs
  4 water moccasin zombies (Ossuary)
  A scorpion (D:8)
  4 wights (D:6)
  3 crimson imps
  A bullfrog zombie (D:5)
  A jelly (D:6)
  A centaur skeleton (D:6)
  2 hounds (D:6)
  5 orc priests
  7 orc wizards
  A bullfrog skeleton (D:4)
  4 iguanas
  4 big kobold zombies (Ossuary)
  3 mummies
  A worker ant zombie (D:7)
  18 adders
  23 gnolls
  5 adder zombies (Ossuary)
  An adder skeleton (D:5)
  3 worms (D:2)
  4 dart slugs
  2 leopard geckos
  20 orcs
  2 ball pythons
  12 bats
  2 giant cockroaches
  8 gnoll zombies
  11 goblins
  14 hobgoblins
  12 jackals
  16 kobolds
  3 quokkas
  3 frilled lizards
  5 hobgoblin zombies (Ossuary)
  7 kobold zombies
  A leopard gecko skeleton (D:6)
  4 orc zombies (Ossuary)
  A quokka zombie (D:6)
  3 rats
243 creatures vanquished.

Vanquished Creatures (collateral kills)
  A crimson imp (D:8)
  3 orcs (D:8)
4 creatures vanquished.

Vanquished Creatures (others)
  An orc (D:8)
  2 hobgoblins (Bailey)
  2 kobolds (Bailey)
5 creatures vanquished.

Grand Total: 252 creatures vanquished

Notes
Turn   | Place    | Note
-------+----------+-------------------------------------------
     0 | D:1      | mrath the Minotaur Fighter began the quest for the Orb.
     0 | D:1      | Reached XP level 1. HP: 19/19 MP: 0/0
    91 | D:1      | Reached skill level 3 in Maces & Flails
    99 | D:1      | Reached XP level 2. HP: 26/26 MP: 1/1
   712 | D:2      | Reached skill level 4 in Maces & Flails
   852 | D:2      | Reached XP level 3. HP: 29/31 MP: 2/2
  1317 | D:2      | Reached skill level 5 in Maces & Flails
  1545 | D:2      | Reached XP level 4. HP: 38/39 MP: 3/3
  1869 | D:3      | Reached skill level 6 in Maces & Flails
  1896 | D:3      | Reached XP level 5. HP: 8/45 MP: 4/4
  2182 | D:3      | Reached skill level 7 in Maces & Flails
  2852 | D:3      | Reached XP level 6. HP: 52/52 MP: 5/5
  2902 | D:3      | Reached skill level 1 in Evocations
  3010 | D:3      | Found a basalt altar of Yredelemnul.
  3108 | D:3      | Reached skill level 1 in Dodging
  3376 | D:4      | Found an ancient bone altar of Kikubaaqudgha.
  3933 | D:5      | Entered Level 5 of the Dungeon
  3933 | D:5      | Found a hazy altar of Hepliaklqana.
  4141 | D:5      | Found a glowing golden altar of the Shining One.
  4208 | D:5      | Reached skill level 1 in Throwing
  4208 | D:5      | Reached XP level 7. HP: 59/59 MP: 7/7
  4537 | D:6      | Noticed brucemayne's ghost (novice HOMo)
  4570 | D:6      | Killed brucemayne's ghost
  4570 | D:6      | Reached skill level 1 in Polearms
  4698 | D:6      | Reached XP level 8. HP: 53/67 MP: 8/8
  4805 | D:6      | Found a sand-covered staircase.
  4808 | D:6      | Reached skill level 5 in Fighting
  4812 | Ossuary  | Entered an ossuary
  4895 | Ossuary  | Reached skill level 5 in Armour
  4933 | Ossuary  | Reached skill level 5 in Shields
  5342 | D:6      | Found Pipoin's Gadget Emporium.
  5342 | D:6      | Noticed Edmund
  5363 | D:6      | Killed Edmund
  5363 | D:6      | Reached skill level 8 in Maces & Flails
  5485 | D:6      | Found a sacrificial altar of Ru.
  5629 | D:6      | Reached XP level 9. HP: 69/75 MP: 10/10
  5844 | D:6      | Found a glowing silver altar of Zin.
  5844 | D:6      | Found an opulent altar of Gozag.
  6132 | D:6      | Found a blossoming altar of Fedhas.
  6132 | D:6      | Found a hide-covered altar of Uskayaw.
  6586 | D:7      | Reached skill level 5 in Dodging
  6890 | D:7      | Found a staircase to the Ecumenical Temple.
  6910 | Temple   | Entered the Ecumenical Temple
  6990 | Temple   | Became a worshipper of Warmaster Okawaru
  7623 | D:8      | Reached skill level 9 in Maces & Flails
  7631 | D:8      | Found Iseonk's Gadget Shop.
  7756 | D:8      | Reached * piety under Okawaru
  7838 | D:8      | Found a flagged portal.
  7864 | Bailey   | Entered a bailey
  8106 | Bailey   | Noticed an orc knight
  8152 | Bailey   | Killed an orc knight
  8152 | Bailey   | Reached XP level 10. HP: 68/86 MP: 10/12
  8458 | D:9      | Noticed Erica
  8480 | D:9      | HP: 3/86 [something/bolt of poison (25)]
  8481 | D:9      | HP: 1/86 [something (9)]
  8481 | D:9      | Slain by Erica

Vault maps used:
D:1:      dpeg_arrival_shrine
D:2:      minmay_diamond_boxcup
D:3:      lemuel_zombie_altar_yredelemnul, first_bread
D:4:      kiku_gazebo_pond_becter, minmay_misc_feat_more_columns
D:5:      lemuel_ice_spiral_2, nicolae_overflow_hidden_temple, tso_altar,
          minivault_5
D:6:      grunt_temple_overflow_gold_and_silver, lemuel_doored_altar,
          gammafunk_temple_overflow_pools, nicolae_ossuary_entry_giza,
          serial_shops, nicolae_shop_window_shopping, uniq_edmund
D:8:      serial_shops, nicolae_shop_crystal, enter_bailey_7
D:9:      kennysheep_mini, minmay_orc_entry_guard_dogs, serial_aquarium,
          aquarium_bridge_long_joined, aquarium_window_fake,
          aquarium_window_fake, aquarium_window_2, aquarium_window_corridor_2,
          aquarium_view_2e, aquarium_pool_corner,
          hangedman_abyss_or_decor_passed, hangedman_pestilent_swarm,
          uniq_pikel, uniq_erolcha, uniq_erica
Temple:   kb_corrupted_temple
Ossuary:  ossuary_tomb_2
Bailey:   bailey_axe_2, bailey

Skill      XL: |  1  2  3  4  5  6  7  8  9 |
---------------+----------------------------+-----
Maces & Flails | 3 4 5 6 7 8 9 |  9.2
Fighting       | 4 5 7 |  7.1
Evocations     | 1 2 3 4 |  4.3
Dodging        | 2 4 5 |  5.7
Armour         | 4 5 7 |  7.0
Throwing       | 1 2 3 4 |  4.7
Shields        | 4 5 6 |  6.8
Polearms       | 2 3 |  3.1

Action                   |  1- 3 |  4- 6 |  7- 9 | 10-12 || total
-------------------------+-------+-------+-------+-------++-------
Melee: Flail             |    96 |   145 |   245 |    19 ||   505
       Headbutt          |    13 |    18 |    97 |     4 ||   132
       Spear             |       |       |   232 |       ||   232
Throw: Javelin           |       |     5 |    18 |       ||    23
       Stone             |       |       |     1 |       ||     1
Invok: Heroism           |       |       |     1 |     1 ||     2
  Use: Scroll            |       |     4 |    12 |     4 ||    20
       Potion            |       |       |     1 |     2 ||     3
  Eat: Chunk             |     2 |     8 |    10 |     1 ||    21
       Bread ration      |       |       |     1 |       ||     1
Armor: Scale mail        |    52 |    59 |    63 |       ||   174
       Chain mail        |       |       |    41 |     2 ||    43
       Plate armour      |       |       |       |     1 ||     1
Dodge: Dodged            |    32 |    36 |    77 |     4 ||   149
Block: Shield            |    55 |    74 |   381 |    23 ||   533
       Reflection        |       |       |    28 |     1 ||    29
